 Dungeon Crawl Stone Soup version 0.21-a0-471-gd587bd5 (webtiles) character file.

112 mortelune the Covered (level 4, 0/29 HPs)
             Began as a Gargoyle Fighter on Nov 22, 2017.
             Slain by Menkaure (5 damage)
             ... on level 4 of the Dungeon.
             The game lasted 00:05:47 (2903 turns).

mortelune the Covered (Gargoyle Fighter)            Turns: 2903, Time: 00:05:47

Health: 0/29       AC: 13    Str: 20    XL:     4   Next: 95%
Magic:  4/4        EV:  7    Int:  9    God:
Gold:   184        SH:  9    Dex:  9    Spells: 3/3 levels left

rFire    . . .     SeeInvis .   a - +0 flail
rCold    . . .     Gourm    .   c - +0 shield
rNeg     + . .     Faith    .   b - +0 scale mail
rPois    ∞         Spirit   .   l - +0 helmet
rElec    +         Reflect  .   (no cloak)
rCorr    .         Harm     .   (no gloves)
MR       .....                  k - +0 pair of boots
Stlth    ..........             (no amulet)
HPRegen  0.09/turn              (no ring)
MPRegen  0.09/turn              (no ring)

@: no status effects
A: negative energy resistance 1, electricity resistance, unbreathing,
petrification resistance, rot immunity, AC +3
a: no special abilities


You were on level 4 of the Dungeon.
You were not hungry.

You visited 1 branch of the dungeon, and saw 4 of its levels.

You collected 184 gold pieces.

Inventory:

Hand Weapons
 a - a +0 flail (weapon)
Armour
 b - a +0 scale mail (worn)
 c - a +0 shield (worn)
 k - a +0 pair of boots (worn)
 l - a +0 helmet (worn)
Scrolls
 e - 4 scrolls of remove curse
 j - a scroll of amnesia {unknown}
 n - a scroll of fog {unknown}
 o - 2 scrolls of identify {unknown}
 p - a scroll of teleportation {unknown}
Potions
 d - 2 potions of might
 g - a potion of flight {unknown}
 i - a potion of lignification {unknown}
 q - 2 potions of heal wounds {unknown}
 r - a potion of brilliance {unknown}
 s - a potion of mutation {unknown}
Comestibles
 f - a bread ration
 h - 3 meat rations
 m - 4 fruits
 t - 2 chunks of flesh


   Skills:
 + Level 4.1 Fighting
 * Level 3.8 Maces & Flails
 + Level 4.1 Armour
 - Level 3.2 Shields


You had 3 spell levels left.
You didn't know any spells.

Dungeon Overview and Level Annotations

Branches:
Dungeon (4/15)
 Temple: D:4-7

Altars:
Trog

Annotations:
D:4 Menkaure


Innate Abilities, Weirdness & Mutations

You are resistant to torment.
Your stone body is resilient. (AC +3)
You are immune to poison.
You resist negative energy. (rN+)
You are resistant to electric shocks. (rElec)
You can survive without breathing.
You are immune to petrification.
You are immune to rotting.


Message History

You barely miss the adder skeleton. You block the adder skeleton's attack.
You thump the adder skeleton!
The adder skeleton is heavily damaged.
You block the adder skeleton's attack.
You sock the adder skeleton!
You destroy the adder skeleton!
Found a buckler.
Menkaure, Prince of Dust comes into view.
Menkaure hits you!
Found a smoky white potion.
You see here a buckler.
You hit Menkaure but do no damage. Menkaure hits you.
You hit Menkaure but do no damage.
Menkaure gestures at you while chanting.
Pain shoots through your body!
You completely miss Menkaure. Menkaure hits you!
* * * LOW HITPOINT WARNING * * *
Your shield and scale mail prevent you from hitting Menkaure.
Menkaure hits you.
You die...

#.#. ..#.
....# #.#.
.#.# #...##
!..# #..<# ..#
#...## ..#
#....## #.#
###....###..
#M#
...........#
#@#
####...##..#
#.# ####..##
## #.# ......#
####.# .####.#
##....# #.#
##..#### ##.##
#..##
.###...####.##
....._......#


You could see Menkaure.

Vanquished Creatures
  Natasha (D:4)
  4 adders
  An adder skeleton (D:4)
  A worm (D:2)
  A dart slug (D:1)
  A ball python (D:1)
  4 giant cockroaches
  8 goblins
  5 hobgoblins
  5 kobolds
  2 quokkas (D:4)
  4 bats
  2 frilled lizards
  3 rats
42 creatures vanquished.

Notes
Turn   | Place    | Note
-------+----------+-------------------------------------------
     0 | D:1      | mortelune the Gargoyle Fighter began the quest for the Orb.
     0 | D:1      | Reached XP level 1. HP: 14/14 MP: 1/1
   107 | D:1      | Reached XP level 2. HP: 18/19 MP: 2/2
   566 | D:1      | Reached XP level 3. HP: 20/23 MP: 3/3
  1752 | D:2      | Reached XP level 4. HP: 21/29 MP: 4/4
  2549 | D:4      | Noticed Natasha
  2626 | D:4      | Killed Natasha
  2682 | D:4      | Found a bloodstained altar of Trog.
  2896 | D:4      | Noticed Menkaure
  2903 | D:4      | Slain by Menkaure

Vault maps used:
D:1:      lemuel_arrival_room
D:2:      serial_park_tiny_pond
D:3:      minivault_4
D:4:      nicolae_overflow_crystal_walls, kennysheep_mini,
          kennysheep_little_box, minmay_temple_entry_fiery, serial_shops, shop,
          uniq_natasha, uniq_menkaure, uniq_grinder

Skill      XL: |  1  2  3  4 |
---------------+-------------+-----
Maces & Flails | 3 |  3.8
Fighting       | 4 |  4.1
Armour         | 4 |  4.1
Shields        | |  3.2

Action                   |  1- 3 |  4- 6 || total
-------------------------+-------+-------++-------
Melee: Flail             |   146 |    65 ||   211
  Use: Scroll            |       |     1 ||     1
  Eat: Chunk             |     3 |     4 ||     7
Armor: Scale mail        |    69 |    43 ||   112
Dodge: Dodged            |    46 |    26 ||    72
Block: Shield            |    81 |    44 ||   125

Table legend:
 A = Spawn XP
 B = Non-spawn XP
 C = Spawn XP percentage of total XP
 D = Spawn monster count
 E = Non-spawn monster count
 F = Spawn count percentage of total count
 G = Total turns spent on level
                    A         B        C        D         E        F      G
               +---------+---------+-------+---------+---------+-------+---------
         Total |       0 |     161 |   0.0 |       0 |      42 |   0.0 |  2903
               +---------+---------+-------+---------+---------+-------+---------
           D:1 |       0 |      41 |   0.0 |       0 |      22 |   0.0 |   975
           D:2 |       0 |      44 |   0.0 |       0 |      11 |   0.0 |   988
           D:3 |       0 |      32 |   0.0 |       0 |       5 |   0.0 |   643
           D:4 |       0 |      44 |   0.0 |       0 |       4 |   0.0 |   297
               +---------+---------+-------+---------+---------+-------+---------
